 Dungeon Crawl Stone Soup version 0.20.1-1-g8b1a95d66d (webtiles) character file.

16033 Jynx the Arsonist (level 12, -5/59 HPs)
             Began as a Deep Elf Fire Elementalist on Dec 21, 2017.
             Was a Priest of Vehumet.
             Succumbed to a spiny frog's poison
             ... on level 3 of the Lair of Beasts.
             The game lasted 00:30:54 (15552 turns).

Jynx the Arsonist (Deep Elf Fire Elementalist)     Turns: 15552, Time: 00:30:56

Health: -5/59      AC: 12    Str:  6    XL:     12   Next: 6%
Magic:  7/28       EV: 13    Int: 25    God:    Vehumet [***...]
Gold:   503        SH:  0    Dex: 15    Spells: 14/32 levels left

rFire    . . .     SeeInvis .   t - +2 dagger (elec)
rCold    . . .     Gourm    .   (no shield)
rNeg     + . .     Faith    .   n - +2 robe {rN+}
rPois    .         Spirit   .   (no helmet)
rElec    .         Reflect  .   (no cloak)
rCorr    +         Harm     .   l - +2 pair of gloves
MR       +....                  F - +0 pair of boots
Stlth    ++........             (no amulet)
Regen    0.2/turn               v - +4 ring of protection
MPRegen  0.3/turn               u - ring of resist corrosion

@: lethally poisoned (-5 -> -60)
A: no striking features
a: Renounce Religion


You were on level 3 of the Lair of Beasts.
You worshipped Vehumet.
Vehumet was most pleased with you.
You were not hungry.

You visited 3 branches of the dungeon, and saw 13 of its levels.
You also visited: Sewer.

You collected 503 gold pieces.

Inventory:

Hand Weapons
 t - a +2 dagger of electrocution (weapon)
Armour
 a - a +1 robe
 l - a +2 pair of gloves (worn)
 n - a +2 robe of positive energy (worn)
 F - a +0 pair of boots (worn)
Jewellery
 u - a ring of resist corrosion (right hand)
 v - a +4 ring of protection (left hand)
 x - an uncursed ring of positive energy
Wands
 h - a wand of random effects (36/48)
 y - a wand of iceblast (8/15)
 A - a wand of random effects (15/48)
 I - a wand of flame (36/48)
Scrolls
 e - 4 scrolls of teleportation
 j - 2 scrolls of fear
 k - 7 scrolls of magic mapping
 m - a scroll of recharging
 q - 3 scrolls of remove curse
Potions
 f - 3 potions of lignification
 i - a potion of heal wounds
 o - 2 potions of mutation
 p - 2 potions of berserk rage
 r - a potion of ambrosia
 s - a potion of might {unknown}
 w - 2 potions of curing
 z - a potion of brilliance {unknown}
 D - a potion of flight {unknown}
 K - a potion of magic {unknown}
Books
 b - a book of Flames

   Spells                             Type                      Level
   a - Flame Tongue                   Conjuration/Fire             1
   b - Throw Flame                    Conjuration/Fire             2
   c - Conjure Flame                  Conjuration/Fire             3
   d - Inner Flame                    Hexes/Fire                   3
   e - Sticky Flame                   Conjuration/Fire             4
   f - Fireball                       Conjuration/Fire             5
 g - a book of Geomancy

   Spells                             Type                      Level
   a - Sandblast                      Earth                        1
   b - Passwall                       Transmutation/Earth          2
   c - Stone Arrow                    Conjuration/Earth            3
   d - Petrify                        Transmutation/Earth          4
   e - Lee's Rapid Deconstruction     Earth                        5
Miscellaneous
 B - a crystal ball of energy
Comestibles
 c - 6 bread rations
 d - 8 royal jellies
 E - 2 meat rations
 G - 11 fruits


   Skills:
 - Level 3.9 Short Blades
 - Level 2.4 Dodging
 - Level 2.4 Stealth
 + Level 10.8 Spellcasting
 + Level 10.2 Conjurations
 * Level 14.1 Fire Magic
 - Level 7.5 Earth Magic
 + Level 2.1 Evocations


You had 14 spell levels left.
You knew the following spells:

 Your Spells              Type           Power        Failure   Level  Hunger
a - Flame Tongue          Conj/Fire      #####        1%          1    None
b - Conjure Flame         Conj/Fire      ######..     1%          3    None
c - Sticky Flame          Conj/Fire      ######..     1%          4    None
d - Fireball              Conj/Fire      ######....   1%          5    ####...
e - Stone Arrow           Conj/Erth      ######       1%          3    None
f - Passwall              Tmut/Erth      ####......   1%          2    None


Dungeon Overview and Level Annotations

Branches:
Dungeon (8/15)             Temple (1/1) D:6            Lair (4/6) D:8
  Snake (0/4) Lair:2
  Swamp: Lair:2-4    Shoals: Lair:2-4

Altars:
Dithmenos
Fedhas
Gozag
Nemelex Xobeh
Ru
Vehumet
Xom
Yredelemnul

Shops:
D:5 *   D:8 (

Annotations:
Lair:4 Gargoyl's ghost, journeyman CeAK


Message History

You feel sick.
You feel sick.
A spiny frog comes into view.
You feel sick.
You feel sick.
Gargoyl's ghost hits you but does no damage.
You are more poisoned.
You feel sick.
You feel sick.
You feel sick. Gargoyl's ghost hits you!
You are lethally poisoned!
You feel very sick.
There is a stone staircase leading up here.
You feel very sick. Gargoyl's ghost hits you. The spiny frog stings you!!
* * * LOW HITPOINT WARNING * * *
You are more poisoned.
The spiny frog poisons you!
You climb upwards.
You die...

......##.........#######.........
#.....###...........##......#....
..##..#......#.........##...#...#
#..##.........>........##....P..#
###.......<...####......###....##
##......#....#.#####...## #....#.
........####....####P.#####......
..####P## #....#......##.#......
.#.# ### ##..P@F...............
..## ##.P......#.#...#P... .##
####.....##....###.. .#
#.#..#...#.####### .#
##..###P.....#..## ## ###P.#
###......... #....# ####...#....
#####.#.###.........<.
#.....##.....##.#.#...


You could see a spiny frog.

Vanquished Creatures
  4 hydras
  2 catoblepae (Lair:3)
  A guardian serpent (Lair:2)
  6 spiny frogs
  2 komodo dragons (Lair:2)
  2 hippogriffs (Lair:2)
  2 wyverns
  Sigmund (D:5)
  12 yaks
  4 hogs (D:8)
  2 basilisks
  A human (D:8)
  Edmund (D:5)
  2 wargs (D:8)
  7 porcupines
  5 water moccasins
  2 orc warriors
  2 ice beasts
  8 wolves
  A sky beast (D:8)
  5 ogres
  4 crocodiles
  4 centaurs
  A big kobold (D:8)
  9 bullfrogs
  3 scorpions
  3 wights (D:8)
  4 electric eels
  4 howler monkeys
  2 lava snakes (D:7)
  A bullfrog zombie (D:5)
  A centaur skeleton (D:8)
  A bullfrog skeleton (D:6)
  6 orc priests
  4 hounds
  11 orc wizards
  An iguana (D:6)
  2 worker ants
  A hound skeleton (D:8)
  6 gnolls
  4 adders
  3 river rats (D:4)
  2 shadow imps
  2 oozes
  An adder skeleton (D:7)
  A worm (D:2)
  2 leopard geckos
  40 orcs
  2 ball pythons
  7 bats
  3 giant cockroaches
  3 hobgoblins
  A jackal (Sewer)
  4 quokkas
  3 frilled lizards
  10 goblins
  5 kobolds
  2 leopard gecko skeletons
  A quokka skeleton (D:4)
  A quokka zombie (D:6)
  11 rats
  A fungus (Lair:3)
  A plant (Lair:2)
250 creatures vanquished.

Vanquished Creatures (others)
  5 dream sheep (D:7)
  4 fungi (Lair:2)
  12 plants
21 creatures vanquished.

Grand Total: 271 creatures vanquished

Notes
Turn   | Place    | Note
-------+----------+-------------------------------------------
     0 | D:1      | Jynx the Deep Elf Fire Elementalist began the quest for the Orb.
     0 | D:1      | Reached XP level 1. HP: 10/10 MP: 6/6
   175 | D:1      | Reached XP level 2. HP: 15/15 MP: 5/8
   385 | D:1      | Reached skill level 4 in Fire Magic
   581 | D:2      | Reached XP level 3. HP: 19/19 MP: 6/9
   589 | D:2      | Learned a level 3 spell: Conjure Flame
  1820 | D:3      | Reached XP level 4. HP: 24/24 MP: 4/11
  1976 | D:4      | Reached skill level 1 in Short Blades
  2071 | D:4      | Found a glowing drain.
  2281 | D:4      | Reached XP level 5. HP: 28/28 MP: 8/13
  2288 | Sewer    | Entered a sewer
  2814 | D:4      | Reached skill level 5 in Fire Magic
  3118 | D:4      | You fall through a shaft for 2 floors!
  3127 | D:6      | Noticed an ogre
  3133 | D:6      | Killed an ogre
  3197 | D:5      | Entered Level 5 of the Dungeon
  3283 | D:5      | Reached XP level 6. HP: 32/32 MP: 9/15
  3524 | D:4      | Noticed an ice beast
  3530 | D:4      | Killed an ice beast
  3530 | D:4      | Reached skill level 5 in Spellcasting
  3729 | D:4      | Learned a level 4 spell: Sticky Flame
  3735 | D:4      | Learned a level 5 spell: Fireball
  3905 | D:5      | Reached skill level 6 in Fire Magic
  3917 | D:5      | Reached XP level 7. HP: 8/36 MP: 0/17
  4897 | D:5      | Noticed Sigmund
  4905 | D:5      | Killed Sigmund
  4905 | D:5      | Reached skill level 7 in Fire Magic
  4962 | D:5      | Noticed Edmund
  4973 | D:5      | Killed Edmund
  4973 | D:5      | Reached XP level 8. HP: 41/41 MP: 10/19
  5040 | D:5      | Found Zubuil's Assorted Antiques.
  5144 | D:6      | Reached skill level 5 in Conjurations
  5147 | D:6      | Reached skill level 8 in Fire Magic
  5278 | D:6      | Found a staircase to the Ecumenical Temple.
  5833 | D:6      | Found a sparkling altar of Nemelex Xobeh.
  5892 | Temple   | Entered the Ecumenical Temple
  5938 | Temple   | Became a worshipper of Vehumet
  6005 | D:6      | Reached skill level 9 in Fire Magic
  6363 | D:7      | Learned a level 3 spell: Stone Arrow
  7119 | D:7      | Reached skill level 1 in Earth Magic
  7129 | D:7      | Reached XP level 9. HP: 36/45 MP: 16/20
  7739 | D:7      | Found an opulent altar of Gozag.
  7941 | D:7      | Reached skill level 10 in Fire Magic
  8160 | D:7      | Found a shimmering altar of Xom.
  8542 | D:7      | Learned a level 2 spell: Passwall
  8580 | D:8      | Found a staircase to the Lair.
  8828 | D:8      | Reached * piety under Vehumet
  8828 | D:8      | Offered knowledge of Shock by Vehumet.
  9133 | D:8      | Found a blossoming altar of Fedhas.
  9837 | D:8      | Reached skill level 11 in Fire Magic
  9957 | D:8      | Reached ** piety under Vehumet
  9957 | D:8      | Offered knowledge of Searing Ray by Vehumet.
 10019 | D:8      | Reached XP level 10. HP: 32/50 MP: 14/23
 10512 | D:8      | Found Gayteem's Weapon Shoppe.
 10572 | Lair:1   | Entered Level 1 of the Lair of Beasts
 10608 | Lair:1   | Reached skill level 5 in Earth Magic
 11092 | Lair:1   | Noticed a six-headed hydra
 11097 | Lair:1   | Killed a six-headed hydra
 11097 | Lair:1   | Reached skill level 12 in Fire Magic
 11318 | Lair:1   | Noticed a spiny frog
 11322 | Lair:1   | Killed a spiny frog
 11449 | Lair:1   | Noticed a spiny frog
 11457 | Lair:1   | Killed a spiny frog
 11631 | Lair:2   | Found a staircase to the Snake Pit.
 11632 | Lair:2   | Noticed a guardian serpent
 11639 | Lair:2   | Killed a guardian serpent
 11724 | Lair:2   | Noticed a seven-headed hydra
 11948 | Lair:2   | Killed a seven-headed hydra
 12088 | Lair:2   | Reached XP level 11. HP: 39/54 MP: 20/26
 12134 | Lair:2   | Noticed a seven-headed hydra
 12137 | Lair:2   | Killed a seven-headed hydra
 12586 | Lair:2   | Reached skill level 13 in Fire Magic
 12840 | Lair:2   | Offered knowledge of Static Discharge by Vehumet.
 13145 | Lair:2   | Reached skill level 10 in Spellcasting
 14069 | Lair:3   | Reached *** piety under Vehumet
 14335 | Lair:3   | Noticed a catoblepas
 14345 | Lair:3   | Killed a catoblepas
 14679 | Lair:3   | Noticed an eight-headed hydra
 14686 | Lair:3   | Killed an eight-headed hydra
 14686 | Lair:3   | Reached skill level 10 in Conjurations
 14686 | Lair:3   | Reached skill level 1 in Evocations
 15125 | Lair:3   | Noticed a catoblepas
 15133 | Lair:3   | Killed a catoblepas
 15133 | Lair:3   | Reached skill level 14 in Fire Magic
 15133 | Lair:3   | Reached XP level 12. HP: 58/59 MP: 5/28
 15534 | Lair:4   | Noticed Gargoyl's ghost (journeyman CeAK)
 15551 | Lair:4   | HP: 1/59 [spiny frog (20)]
 15552 | Lair:3   | Succumbed to a spiny frog's poison

Skill      XL: |  1  2  3  4  5  6  7  8  9 10 11 |
---------------+----------------------------------+-----
Fire Magic     | 4 5 6 7 9 11 12 14 | 14.1
Conjurations   | 2 3 4 6 7 9 10 | 10.2
Short Blades   | 1 2 3 |  3.9
Spellcasting   | 4 5 6 7 9 10 | 10.8
Earth Magic    | 1 4 6 7 |  7.5
Evocations     | 2 |  2.1
Dodging        | |  2.4
Stealth        | |  2.4

Action                   |  1- 3 |  4- 6 |  7- 9 | 10-12 || total
-------------------------+-------+-------+-------+-------++-------
Melee: Short sword       |    18 |       |       |       ||    18
       Dagger            |       |     1 |     9 |     1 ||    11
 Cast: Flame Tongue      |    79 |    82 |   287 |   144 ||   592
       Conjure Flame     |     1 |     1 |     6 |       ||     8
       Sticky Flame      |       |     3 |    15 |    21 ||    39
       Stone Arrow       |       |       |    10 |       ||    10
       Fireball          |       |       |     5 |    66 ||    71
       Passwall          |       |       |       |     3 ||     3
  Use: Scroll            |     2 |     4 |    10 |     8 ||    24
       Potion            |     1 |       |       |       ||     1
  Eat: Chunk             |     3 |     5 |    14 |    22 ||    44
       Bread ration      |       |       |     1 |     1 ||     2
       Meat ration       |       |       |     1 |       ||     1
       Fruit             |       |       |       |     3 ||     3
Armor: Robe              |     8 |     3 |    31 |    39 ||    81
Dodge: Dodged            |    23 |    32 |    81 |    73 ||   209
